 Dungeon Crawl Stone Soup version 0.31-a0-233-g139696dc86 (webtiles) character file.

Game seed: 7180022483427666746

342 Zonian the Shooter (level 6, -4/37 HPs)
             Began as a Deep Elf Hunter on July 8, 2023.
             Slain by Blork the orc
             ... wielding a +0 halberd
              (15 damage)
             ... on level 4 of the Dungeon.
             The game lasted 00:05:39 (3174 turns).

Zonian the Shooter (Deep Elf Hunter)                Turns: 3174, Time: 00:05:39

Health: -4/37      AC:  3    Str:  8    XL:     6   Next: 30%
Magic:  8/8        EV: 14    Int: 14    God:
Gold:   43         SH:  0    Dex: 20    Spells: 5/5 levels left

rFire   . . .        a - +2 shortbow
rCold   . . .        (shield currently unavailable)
rNeg    . . .        c - +0 leather armour
rPois   .            (no helmet)
rElec   .            (no cloak)
rCorr   .            (no gloves)
SInv    .            (no boots)
Will    .....        (no amulet)
Stlth   +++          (no ring)
HPRegen 0.26/turn    (no ring)
MPRegen 0.11/turn

%: no passive effects
@: hasted (expiring), very quick
A: no striking features
a: no special abilities


You were on level 4 of the Dungeon.
You visited 1 branch of the dungeon, and saw 4 of its levels.

You collected 133 gold pieces.
You spent 90 gold pieces at shops.

Inventory:

Hand Weapons
 a - a +2 shortbow (weapon)
 k - a +2 dagger of speed
 l - a +0 sling
Armour
 c - a +0 leather armour (worn)
 n - a +0 pair of gloves
Magical Staves
 e - a staff of cold
Scrolls
 b - a scroll of butterflies
 f - a scroll of revelation
Potions
 d - a potion of enlightenment {unknown}
 g - 3 potions of haste
 i - 2 potions of attraction {unknown}
 j - 3 potions of curing


   Skills:
 + Level 3.2 Fighting
 + Level 7.0 Ranged Weapons
 - Level 4.3 Dodging
 - Level 3.9 Stealth


You had 5 spell levels left.
You didn't know any spells.
Your spell library contained the following spells:

 Spells                   Type           Power      Damage    Failure   Level
 Blink                    Tloc           0%         N/A       54%         2
 Lesser Beckoning         Tloc           0%         N/A       54%         2
 Momentum Strike          Conj/Tloc      0%         3d8       54%         2
 Leda's Liquefaction      Hex/Erth       0%         N/A       99%         4
 Lee's Rapid Deconstruct  Erth           0%         3d4*      100%        5


Dungeon Overview and Level Annotations

Branches:
Dungeon (4/15)
 Temple: D:4-7

Altars:
Qazlal
Xom
Zin

Annotations:
D:3 3 runed translucent doors, osoart's ghost, amateur FoFi
D:4 Blork the orc


Message History

Aim: a hound (severely wounded, 60% to hit)
You shoot an arrow. The arrow closely misses the hound.
The arrow hits Blork the orc!
Blork the orc is moderately wounded.
The hound bites you.
Blork the orc mumbles some strange words.
Blork the orc seems to speed up.
The hound bites you.
Fire: a) +2 shortbow
Press: ? - help, Q - select action Shift-Dir - straight line, f/p - hound
Aim: a hound (severely wounded, 60% to hit)
You shoot an arrow. The arrow hits the hound.
The hound is almost dead.
The hound bites you.
Fire: a) +2 shortbow
Press: ? - help, Q - select action Shift-Dir - straight line, f/p - hound
Aim: a hound (almost dead, 60% to hit)
You shoot an arrow. The arrow hits the hound.
The hound is almost dead.
The hound completely misses you.
Fire: a) +2 shortbow
Press: ? - help, Q - select action Shift-Dir - straight line, f/p - hound
Aim: a hound (almost dead, 60% to hit)
You shoot an arrow. The arrow hits the hound.
You kill the hound!
Your Ranged Weapons skill increases to level 7!
Fire: a) +2 shortbow
Press: ? - help, Q - select action Shift-Dir - straight line, f - Blork the orc
Aim: Blork the orc, wielding a +0 halberd and wearing a +0 robe (moderately wounded, fast, 71% to hit)
You shoot an arrow. The arrow hits Blork the orc!
Blork the orc is heavily wounded.
Blork the orc hits you from afar with a +0 halberd!
* * * LOW HITPOINT WARNING * * *
Blork the orc closely misses you.
Fire: a) +2 shortbow
Press: ? - help, Q - select action Shift-Dir - straight line, f/p - Blork the orc
Aim: Blork the orc, wielding a +0 halberd and wearing a +0 robe (heavily wounded, fast, 71% to hit)
You shoot an arrow. The arrow barely misses Blork the orc.
Your extra speed is starting to run out.
Blork the orc hits you from afar with a +0 halberd!
You die...

#.## ##.......# ##..#
###........##
#..####.....##.#..#
....#......#####..#
......÷##### ###..#
.......÷.#####....##
......##...#.......#
...................##
.............†o.@...#
....................##
......##........#....#
.......#.......####..###
................###....##
..............###.......#
........................#
##################...#######
# #..#....# ##.##


You could see Blork the orc (fast).

Vanquished Creatures
  A hound (D:4)
  A jelly (D:4)
  2 iguanas (D:4)
  Jessica (D:3)
  An orc wizard (D:4)
  Natasha (twice) (D:2)
  4 adders
  A white imp (D:3)
  2 worms (D:2)
  2 orcs (D:4)
  5 bats
  8 endoplasms
  9 goblins
  3 hobgoblins
  11 jackals
  9 kobolds
  3 quokkas
  12 ball pythons
  2 frilled lizards (D:3)
  A rat (D:2)
80 creatures vanquished.

Notes
Turn   | Place    | Note
-------+----------+-------------------------------------------
     0 | D:1      | Zonian the Deep Elf Hunter began the quest for the Orb.
     0 | D:1      | Reached XP level 1. HP: 12/12 MP: 3/3
    25 | D:1      | Got the Verses on Angles and Oromancy
   178 | D:1      | Reached XP level 2. HP: 17/17 MP: 4/4
   691 | D:2      | Reached XP level 3. HP: 19/21 MP: 5/5
   979 | D:2      | Noticed Natasha
   988 | D:2      | Killed Natasha
   989 | D:2      | Reached skill level 6 in Ranged Weapons
   989 | D:2      | Reached XP level 4. HP: 11/26 MP: 6/6
  1272 | D:2      | Noticed Natasha
  1432 | D:2      | Killed Natasha
  1578 | D:3      | Found a stormy altar of Qazlal.
  1721 | D:3      | Reached XP level 5. HP: 31/31 MP: 7/7
  1907 | D:3      | Found a glowing silver altar of Zin.
  1908 | D:3      | Found Zin's Purification Station.
  1923 | D:3      | Bought a potion of curing for 90 gold pieces
  1991 | D:3      | Noticed Jessica
  1992 | D:3      | Killed Jessica
  2097 | D:3      | Found a runed translucent gate.
  2097 | D:3      | Identified the +9 whip of Dismemberment {speed, +Blink
                  | Int+3}
  2098 | D:3      | Found a runed translucent gate.
  2099 | D:3      | Found a runed translucent gate.
  2099 | D:3      | Noticed osoart's ghost (amateur FoFi)
  2810 | D:4      | Reached XP level 6. HP: 16/36 MP: 8/8
  3130 | D:4      | Found a shimmering altar of Xom.
  3133 | D:4      | Noticed Blork the orc
  3171 | D:4      | Reached skill level 7 in Ranged Weapons
  3174 | D:4      | Slain by Blork the orc

Illustrated notes

Levels and vault maps discovered:
D:1:      dpeg_arrival_rooms_b, layout_basic
D:2:      layout_loops_ring, uniq_natasha
D:3:      layout_basic, nicolae_qazlal_general_emergency, zin_purify,
          biasface_ghost_orc_armoury, uniq_jessica
D:4:      minmay_razor_zed, layout_cave_pools,
          mainiacjoe_overflow_six_doors_small, serial_bayou_pond_e,
          uniq_blork_the_orc

Skill      XL: |  1  2  3  4  5  6 |
---------------+-------------------+-----
Stealth        | 2 3 |  3.9
Fighting       | 2 3 |  3.2
Dodging        | 3 4 |  4.3
Ranged Weapons | 6 7 |  7.0

Action                     |  1- 3 |  4- 6 || total
---------------------------+-------+-------++-------
   Fire: Shortbow          |   104 |   128 ||   232
    Use: Scroll            |       |     6 ||     6
         Potion            |       |     1 ||     1
 Armour: Leather armour    |    12 |     4 ||    16
  Dodge: Dodged            |    30 |    30 ||    60

Table legend: (Time is in decaauts)
 A = Elapsed time spent in this place.
 B = Non-inter-level travel time spent in this place.
 C = Inter-level travel time spent in this place.
 D = Time resting spent in this place.
 E = Time spent auto-exploring this place.
 F = Levels seen in this place.
 G = Mean time per level.
                   A        B        C        D        E       F      G
               +--------+--------+--------+--------+--------+-----+--------+
         Total |   3195 |   3101 |     94 |    747 |   1820 |   4 |  798.8 |
       Dungeon |   3195 |   3101 |     94 |    747 |   1820 |   4 |  798.8 |
               +--------+--------+--------+--------+--------+-----+--------+

Top non-repeatable levels by time:
     D:3: 1041 daAuts
     D:2: 931 daAuts
     D:1: 649 daAuts
     D:4: 573 daAuts
